Login

Bunnies vs Warheads

Created - April 7, 2024 at 12:17

Goals
1 2 3 T
Bunnies 1 0 2 3
Warheads 1 0 0 1
Shots
1 2 3 T
Bunnies 8 4 10 22
Warheads 10 13 7 30

GoalsPenalties
1st period
1. Warheads , Cam Fowler 6 (Ilya Mikheyev 11, Brock Knuckledunker 22) at 6:49
2. Bunnies , Nipples Tenderloin 22 (Jeff Petry 25, Joonas Korpisalo) at 13:55
Radko Gudas (KOK) for Tripping (Minor) at 7:29
Brenden Dillon (KOK) for Tripping (Minor) at 11:49
Timothy Liljegren (WAR) for Hooking (Minor) at 17:50
2nd period
No Goal
Brenden Dillon (KOK) for Cross-checking (Minor) at 13:25
3rd period
3. Bunnies , Jeff Petry 4 (Rickard Rakell 18, Nipples Tenderloin 30) at 11:07
4. Bunnies , David Savard 7 (Nipples Tenderloin 31, Nick Suzuki 28) at 19:56 (PP)
Jeremy Lauzon (WAR) for Hooking (Minor) at 1:04
Radko Gudas (KOK) for Holding (Minor) at 15:20
Jeremy Lauzon (WAR) for Hooking (Minor) at 18:48
Goalie Stats
Joonas Korpisalo (KOK), 29 saves from 30 shots - (0.967), W, 33-15-4, 60:00 minutes
Logan Thompson (WAR), 19 saves from 22 shots - (0.864), L, 26-28-5, 60:00 minutes
3 StarsOfficial
1 - Nipples Tenderloin (KOK)
2 - Jeff Petry (KOK)
3 - Joonas Korpisalo (KOK)
Referees : Unknown
Linesman : Unknown
Game Note
No Game Note
Finance
Level 1 -- Attendance: 4637 (77.28%) -- Ticket Income $463,700
Level 2 -- Attendance: 4041 (80.82%) -- Ticket Income $242,460
Level 3 -- Attendance: 1555 (77.75%) -- Ticket Income $54,425
Level 4 -- Attendance: 3136 (78.40%) -- Ticket Income $78,400
Luxury Box -- Attendance: 1000 (100.00%) -- Ticket Income $200,000
Game was played at the COS Torwar.
Total Attendance: 14369 (79.83%)
Total Ticket Income: $1,038,985
Other Income: $415,594
Total Income: $1,454,579



Team Name Goals Shots Shots Attemp Shots Blocked PIM HIT PP PK FO%
Bunnies 3224088201 / 3 (33%)052%
Warheads 1306416180 / 4 (0%)148%

Bunnies
Player Name POS G A P +/- PIM HIT SHT SB MP PP MP PP SHT PK MP PK SHT FO% FOT
Anthony DeangeloD000000002:362:3600:0000% 0
Brayden SchennC/LW000-1032013:010:0000:46057% 14
Brenden DillonD0000411016:040:0002:4900% 0
David SavardD1011001218:242:3013:5200% 0
Erik KarlssonD000-1002013:112:3014:0400% 0
Filip HronekD0001020015:020:0000:0000% 0
Jamie BennC/LW0001014118:082:3400:00061% 18
Jeff PetryD1120021221:540:0003:1500% 0
Johnny GaudreauLW000-1000021:552:3403:55050% 2
Matt DucheneC/RW0001004018:422:3410:0000% 0
Nazem KadriC/LW0001021018:380:0000:4600% 2
Nick JensenD0001011015:020:0000:0000% 0
Nick SuzukiC0111011020:122:3203:15074% 19
Nipples TenderloinLW/RW1231032024:172:3203:5500% 5
Radko GudasD0000441217:432:3601:5200% 0
Rickard RakellLW/RW0111000020:122:3203:15033% 3
Tyler SeguinC/RW000000004:440:0000:00025% 4
Vladimir TarasenkoLW/RW000-1001112:150:0000:0000% 2
Warheads
Player Name POS G A P +/- PIM HIT SHT SB MP PP MP PP SHT PK MP PK SHT FO% FOT
Andrew CoppC/LW/RW000-100006:390:0000:1100% 0
Brock KnuckledunkerC/LW0110011016:490:4700:5200% 0
Cam FowlerD1011001022:553:5603:3300% 0
Damon SeversonD000-2001012:490:1600:2500% 0
Ilya MikheyevLW/RW0110003016:590:0001:4900% 0
Jack McBainC/LW0000012017:413:3812:4800% 0
Jacob MiddletonD0000024024:464:0021:2200% 0
Jeff CarterC/RW000-100006:280:0000:00086% 7
Jeremy LauzonD0000461122:463:4710:5300% 0
John MarinoD0001021022:383:5313:1900% 0
Lawson CrouseLW/RW0000043018:104:0500:0000% 1
Lucas RaymondRW0000004018:104:0510:000100% 1
Lukas ReichelLW/RW000000000:000:0000:0000% 0
Mitchell MarnerRW000-1003025:114:2013:0800% 6
Nicolas RoyC/LW/RW0000022016:501:4000:00031% 13
Radek FaksaC/LW0000001011:150:0000:00058% 12
Robert ThomasC/RW0000002020:425:1301:24052% 29
Timothy LiljegrenD000-2201014:030:0000:4000% 0

Bunnies

5 vs 5 Forward
Line #Left WingCenterRight WingPHYDFOFWanted %Time %Time Play
1Nipples TenderloinNick SuzukiRickard Rakell1223031%14:25
2Nazem KadriJamie BennMatt Duchene1222833%15:34
3Johnny GaudreauBrayden SchennVladimir Tarasenko1222626%12:15
4Nipples TenderloinTyler SeguinJohnny Gaudreau1221610%4:44
5 vs 5 Defense
Line #DefenseDefensePHYDFOFWanted %Time %Time Play
1Jeff PetryDavid Savard1223026%12:02
2Brenden DillonRadko Gudas1222828%13:17
3Nick JensenFilip Hronek1222632%15:02
4Erik KarlssonJeff Petry1221614%6:37
Power Play Forward
Line #Left WingCenterRight WingPHYDFOFWanted %Time %Time Play
1Nipples TenderloinNick SuzukiRickard Rakell1225550%2:32
2Johnny GaudreauJamie BennMatt Duchene1224550%2:34
Power Play Defense
Line #DefenseDefensePHYDFOFWanted %Time %Time Play
1Erik KarlssonDavid Savard1225549%2:30
2Anthony DeangeloRadko Gudas1224551%2:36
Penalty Kill 4 Players Forward
Line #CenterWingPHYDFOFWanted %Time %Time Play
1Nipples TenderloinJohnny Gaudreau1225559%4:41
2Nick SuzukiRickard Rakell1224541%3:15
Penalty Kill 4 Players Defense
Line #DefenseDefensePHYDFOFWanted %Time %Time Play
1Jeff PetryDavid Savard1225541%3:15
2Brenden DillonRadko Gudas1224559%4:41
Penalty Kill 3 Players
Line #WingPHYDFOFWanted %Time %Time PlayDefenseDefensePHYDFOFWanted %Time %Time Play
1Nipples Tenderloin122550%0:00 Jeff PetryDavid Savard122550%0:00
2Johnny Gaudreau122450%0:00 Brenden DillonRadko Gudas122450%0:00
4 vs 4 Forward
Line #CenterWingPHYDFOFWanted %Time %Time Play
1Nipples TenderloinJohnny Gaudreau122550%0:00
2Nick SuzukiRickard Rakell122450%0:00
4 vs 4 Defense
Line #DefensePHYDFOFWanted %Time %Time Play
1Jeff PetryDavid Savard122550%0:00
2Brenden DillonRadko Gudas122450%0:00
Last Minutes Offensive
Left WingCenterRight WingDefenseDefense
Nipples TenderloinNick SuzukiRickard RakellErik KarlssonAnthony Deangelo
Last Minutes Defensive
Left WingCenterRight WingDefenseDefense
Nipples TenderloinNick SuzukiRickard RakellJeff PetryDavid Savard
Time
Total ForwardTotal DefenseLast Minutes OffensiveLast Minutes Defensive
60:00 60:00 0:000:00
Extra Forwards
Normal PowerPlayPenalty Kill
Nipples Tenderloin, Brayden Schenn, Nazem KadriNipples Tenderloin, Brayden SchennNazem Kadri
Extra Defensemen
Normal PowerPlayPenalty Kill
Nick Jensen, Jeff Petry, Erik KarlssonNick Jensen, David SavardErik Karlsson
Penalty Shots
Nipples Tenderloin, Johnny Gaudreau, Nick Suzuki, Rickard Rakell, Jamie Benn
Goalie
Joonas Korpisalo, Semyon Varlamov
Custom OT Lines Forwards
Nipples Tenderloin, Johnny Gaudreau, Nick Suzuki, Rickard Rakell, Jamie Benn, Matt Duchene, Brayden Schenn, Nazem Kadri, Vladimir Tarasenko, Tyler Seguin
Custom OT Lines Defensemen
Jeff Petry, Erik Karlsson, Anthony Deangelo, Radko Gudas, David Savard
Scratches
Mason Appleton (Healthy)

Warheads

5 vs 5 Forward
Line #Left WingCenterRight WingPHYDFOFWanted %Time %Time Play
1Jack McBainRadek FaksaMitchell Marner1223024%11:15
2Lawson CrouseRobert ThomasLucas Raymond1222830%14:05
3Brock KnuckledunkerNicolas RoyIlya Mikheyev1222632%15:10
4Andrew CoppJeff CarterMitchell Marner1221614%6:28
5 vs 5 Defense
Line #DefenseDefensePHYDFOFWanted %Time %Time Play
1Jeremy LauzonJacob Middleton1223017%7:45
2John MarinoCam Fowler1222833%15:26
3Jacob MiddletonTimothy Liljegren1222629%13:24
4Damon SeversonJeremy Lauzon1221622%10:23
Power Play Forward
Line #Left WingCenterRight WingPHYDFOFWanted %Time %Time Play
1Jack McBainRobert ThomasMitchell Marner1225549%3:51
2Lawson CrouseRobert ThomasLucas Raymond1224551%4:05
Power Play Defense
Line #DefenseDefensePHYDFOFWanted %Time %Time Play
1Jeremy LauzonJacob Middleton1225550%4:00
2John MarinoCam Fowler1224550%3:56
Penalty Kill 4 Players Forward
Line #CenterWingPHYDFOFWanted %Time %Time Play
1Mitchell MarnerJack McBain1225573%3:42
2Robert ThomasJack McBain1224527%1:24
Penalty Kill 4 Players Defense
Line #DefenseDefensePHYDFOFWanted %Time %Time Play
1Jeremy LauzonJacob Middleton1225535%1:47
2John MarinoCam Fowler1224565%3:19
Penalty Kill 3 Players
Line #WingPHYDFOFWanted %Time %Time PlayDefenseDefensePHYDFOFWanted %Time %Time Play
1Mitchell Marner122550%0:00 Jeremy LauzonJacob Middleton122550%0:00
2Mitchell Marner122450%0:00 John MarinoCam Fowler122450%0:00
4 vs 4 Forward
Line #CenterWingPHYDFOFWanted %Time %Time Play
1Mitchell MarnerJack McBain122550%0:00
2Robert ThomasJack McBain122450%0:00
4 vs 4 Defense
Line #DefensePHYDFOFWanted %Time %Time Play
1Jeremy LauzonJacob Middleton122550%0:00
2John MarinoCam Fowler122450%0:00
Last Minutes Offensive
Left WingCenterRight WingDefenseDefense
Jack McBainRadek FaksaMitchell MarnerJeremy LauzonJacob Middleton
Last Minutes Defensive
Left WingCenterRight WingDefenseDefense
Jack McBainRadek FaksaMitchell MarnerJeremy LauzonJacob Middleton
Time
Total ForwardTotal DefenseLast Minutes OffensiveLast Minutes Defensive
60:00 60:00 0:000:00
Extra Forwards
Normal PowerPlayPenalty Kill
Mitchell Marner, Nicolas Roy, Ilya MikheyevMitchell Marner, Nicolas RoyIlya Mikheyev
Extra Defensemen
Normal PowerPlayPenalty Kill
Jeremy Lauzon, Timothy Liljegren, Damon SeversonJacob Middleton, Timothy LiljegrenDamon Severson
Penalty Shots
Mitchell Marner, Ilya Mikheyev, Robert Thomas, Jack McBain, Lucas Raymond
Goalie
Logan Thompson, Adin Hill
Custom OT Lines Forwards
Mitchell Marner, Radek Faksa, Robert Thomas, Jack McBain, Lucas Raymond, Lawson Crouse, Brock Knuckledunker, Nicolas Roy, Ilya Mikheyev, Jeff Carter
Custom OT Lines Defensemen
Jeremy Lauzon, Jacob Middleton, John Marino, Cam Fowler, Timothy Liljegren
Scratches
Jordan Greenway (Healthy), Jake Walman (Upper Body Injury)


Play-by-Play

1st period


0:01 of 1st period - Nick Suzuki wins face-off versus Radek Faksa in neutral zone.
1:04 of 1st period - Shot by Robert Thomas.
1:04 of 1st period - Shot Blocked by Radko Gudas.
1:18 of 1st period - Shot by Lucas Raymond.
1:18 of 1st period - Stopped by Joonas Korpisalo without a rebound.
1:19 of 1st period - Brayden Schenn wins face-off versus Nicolas Roy in Bunnies zone.
1:19 of 1st period - Johnny Gaudreau is hit by Brock Knuckledunker and loses puck.
1:38 of 1st period - Shot by Nicolas Roy.
1:38 of 1st period - Stopped by Joonas Korpisalo without a rebound.
1:39 of 1st period - Jeff Carter wins face-off versus Jamie Benn in Bunnies zone.
1:46 of 1st period - Shot by Mitchell Marner.
1:46 of 1st period - Shot Misses the Net.
3:03 of 1st period - Icing by Nipples Tenderloin.
3:04 of 1st period - Tyler Seguin wins face-off versus Nicolas Roy in Bunnies zone.
3:53 of 1st period - Icing by Radko Gudas.
3:54 of 1st period - Robert Thomas wins face-off versus Nick Suzuki in Bunnies zone.
4:24 of 1st period - Icing by Brenden Dillon.
4:25 of 1st period - Nick Suzuki wins face-off versus Mitchell Marner in Bunnies zone.
4:55 of 1st period - Shot by Mitchell Marner.
4:55 of 1st period - Shot Misses the Net.
5:07 of 1st period - Nicolas Roy is hit by Brayden Schenn and loses puck.
5:12 of 1st period - Shot by Brayden Schenn.
5:12 of 1st period - Stopped by Logan Thompson without a rebound.
5:13 of 1st period - Jamie Benn wins face-off versus Robert Thomas in Warheads zone.
5:13 of 1st period - Nick Jensen is hit by Jeremy Lauzon and loses puck.
5:38 of 1st period - Icing by Robert Thomas.
5:39 of 1st period - Brayden Schenn wins face-off versus Robert Thomas in Warheads zone.
5:41 of 1st period - Vladimir Tarasenko is hit by Jeremy Lauzon and loses puck.
6:09 of 1st period - Icing by Lawson Crouse.
6:10 of 1st period - Robert Thomas wins face-off versus Jamie Benn in Warheads zone.
6:37 of 1st period - Shot by Jamie Benn.
6:37 of 1st period - Stopped by Logan Thompson without a rebound.
6:38 of 1st period - Brayden Schenn wins face-off versus Nicolas Roy in Warheads zone.
6:39 of 1st period - Shot by Erik Karlsson.
6:39 of 1st period - Stopped by Logan Thompson without a rebound.
6:40 of 1st period - Nicolas Roy wins face-off versus Brayden Schenn in Warheads zone.
6:47 of 1st period - Shot by Ilya Mikheyev.
6:47 of 1st period - Stopped by Joonas Korpisalo with a rebound.
6:49 of 1st period - Shot by Cam Fowler.
6:49 of 1st period - Goal by Cam Fowler - Bunnies : 0 - Warheads : 1.
6:50 of 1st period - Radek Faksa wins face-off versus Johnny Gaudreau in neutral zone.
7:08 of 1st period - Shot by Radek Faksa.
7:08 of 1st period - Stopped by Joonas Korpisalo without a rebound.
7:09 of 1st period - Jamie Benn wins face-off versus Nicolas Roy in Bunnies zone.
7:21 of 1st period - Icing by Brenden Dillon.
7:22 of 1st period - Radek Faksa wins face-off versus Jamie Benn in Bunnies zone.
7:24 of 1st period - Mitchell Marner is hit by Radko Gudas.
7:29 of 1st period - Minor Penalty to Radko Gudas for Tripping.
7:30 of 1st period - Robert Thomas wins face-off versus Nipples Tenderloin in Bunnies zone.
9:27 of 1st period - Shot by Jacob Middleton.
9:27 of 1st period - Stopped by Joonas Korpisalo without a rebound.
9:28 of 1st period - Nick Suzuki wins face-off versus Robert Thomas in Bunnies zone.
9:33 of 1st period - Shot by Jamie Benn.
9:33 of 1st period - Stopped by Logan Thompson without a rebound.
9:34 of 1st period - Jamie Benn wins face-off versus Jeff Carter in Warheads zone.
11:07 of 1st period - Nipples Tenderloin is hit by John Marino and loses puck.
11:32 of 1st period - Shot by Robert Thomas.
11:32 of 1st period - Deflect By Lawson Crouse.
11:32 of 1st period - Stopped by Joonas Korpisalo with a rebound.
11:49 of 1st period - Minor Penalty to Brenden Dillon for Tripping.
11:50 of 1st period - Nick Suzuki wins face-off versus Robert Thomas in Bunnies zone.
12:01 of 1st period - Shot by Jeremy Lauzon.
12:01 of 1st period - Shot Blocked by Jeff Petry.
12:03 of 1st period - Shot by Jacob Middleton.
12:03 of 1st period - Stopped by Joonas Korpisalo without a rebound.
12:04 of 1st period - Robert Thomas wins face-off versus Nipples Tenderloin in Bunnies zone.
12:09 of 1st period - Shot by Robert Thomas.
12:09 of 1st period - Shot Misses the Net.
13:41 of 1st period - Lucas Raymond is hit by Jeff Petry.
13:55 of 1st period - Shot by Nipples Tenderloin.
13:55 of 1st period - Goal by Nipples Tenderloin - Bunnies : 1 - Warheads : 1.
13:56 of 1st period - Jamie Benn wins face-off versus Mitchell Marner in neutral zone.
14:14 of 1st period - Mitchell Marner is hit by Filip Hronek and loses puck.
14:17 of 1st period - Shot by Mitchell Marner.
14:17 of 1st period - Shot Misses the Net.
14:19 of 1st period - Shot by Damon Severson.
14:19 of 1st period - Stopped by Joonas Korpisalo without a rebound.
14:20 of 1st period - Brayden Schenn wins face-off versus Nicolas Roy in Bunnies zone.
14:20 of 1st period - Brayden Schenn is hit by Nicolas Roy.
14:52 of 1st period - Shot by Ilya Mikheyev.
14:52 of 1st period - Stopped by Joonas Korpisalo with a rebound.
15:45 of 1st period - Shot by Matt Duchene.
15:45 of 1st period - Stopped by Logan Thompson without a rebound.
15:46 of 1st period - Nick Suzuki wins face-off versus Robert Thomas in Warheads zone.
15:49 of 1st period - Shot by Nipples Tenderloin.
15:49 of 1st period - Stopped by Logan Thompson with a rebound.
16:55 of 1st period - Shot by Brock Knuckledunker.
16:55 of 1st period - Shot Blocked by Jamie Benn.
16:57 of 1st period - Shot by John Marino.
16:57 of 1st period - Shot Misses the Net.
16:59 of 1st period - Shot by John Marino.
16:59 of 1st period - Shot Misses the Net.
17:21 of 1st period - Icing by Jamie Benn.
17:22 of 1st period - Radek Faksa wins face-off versus Nazem Kadri in Bunnies zone.
17:50 of 1st period - Minor Penalty to Timothy Liljegren for Hooking.
17:51 of 1st period - Rickard Rakell wins face-off versus Mitchell Marner in Warheads zone.
18:42 of 1st period - Off-side.
18:43 of 1st period - Robert Thomas wins face-off versus Jamie Benn in neutral zone.
19:04 of 1st period - Shot by Erik Karlsson.
19:04 of 1st period - Stopped by Logan Thompson without a rebound.
19:05 of 1st period - Nick Suzuki wins face-off versus Robert Thomas in Warheads zone.
19:05 of 1st period - Nick Suzuki is hit by Jacob Middleton.
Goals for this period are 1 for Bunnies vs 1 for Warheads.
Shots for this period are 8 for Bunnies vs 10 for Warheads.

2nd period


0:01 of 2nd period - Radek Faksa wins face-off versus Nick Suzuki in neutral zone.
0:10 of 2nd period - Shot by Mitchell Marner.
0:10 of 2nd period - Shot Blocked by David Savard.
0:12 of 2nd period - Shot by Jack McBain.
0:12 of 2nd period - Stopped by Joonas Korpisalo with a rebound.
0:14 of 2nd period - Shot by Mitchell Marner.
0:14 of 2nd period - Shot Misses the Net.
0:24 of 2nd period - Shot by Mitchell Marner.
0:24 of 2nd period - Stopped by Joonas Korpisalo without a rebound.
0:25 of 2nd period - Brayden Schenn wins face-off versus Robert Thomas in Bunnies zone.
0:25 of 2nd period - Brayden Schenn is hit by Lawson Crouse.
0:35 of 2nd period - Off-side.
0:36 of 2nd period - Nicolas Roy wins face-off versus Tyler Seguin in neutral zone.
1:00 of 2nd period - Shot by Johnny Gaudreau.
1:00 of 2nd period - Shot Misses the Net.
1:03 of 2nd period - Johnny Gaudreau is hit by Jeremy Lauzon and loses puck.
2:34 of 2nd period - Icing by Nazem Kadri.
2:35 of 2nd period - Jamie Benn wins face-off versus Robert Thomas in Bunnies zone.
2:35 of 2nd period - Jamie Benn is hit by Lawson Crouse.
2:41 of 2nd period - John Marino is hit by Nazem Kadri and loses puck.
3:28 of 2nd period - Icing by Timothy Liljegren.
3:29 of 2nd period - Jeff Carter wins face-off versus Brayden Schenn in Warheads zone.
3:38 of 2nd period - Shot by Jeff Carter.
3:38 of 2nd period - Shot Misses the Net.
3:58 of 2nd period - Icing by David Savard.
3:59 of 2nd period - Robert Thomas wins face-off versus Vladimir Tarasenko in Bunnies zone.
4:02 of 2nd period - Shot by Jacob Middleton.
4:02 of 2nd period - Shot Blocked by David Savard.
4:41 of 2nd period - Icing by Filip Hronek.
4:42 of 2nd period - Nick Suzuki wins face-off versus Radek Faksa in Bunnies zone.
5:17 of 2nd period - Shot by Nick Suzuki.
5:17 of 2nd period - Shot Misses the Net.
5:39 of 2nd period - Filip Hronek is hit by Nicolas Roy and loses puck.
6:11 of 2nd period - Nicolas Roy is hit by Brayden Schenn and loses puck.
6:52 of 2nd period - Shot by Robert Thomas.
6:52 of 2nd period - Shot Blocked by Vladimir Tarasenko.
7:09 of 2nd period - Damon Severson is hit by Nazem Kadri and loses puck.
7:40 of 2nd period - Shot by Nazem Kadri.
7:40 of 2nd period - Stopped by Logan Thompson without a rebound.
7:41 of 2nd period - Radek Faksa wins face-off versus Tyler Seguin in Warheads zone.
8:07 of 2nd period - Nipples Tenderloin is hit by John Marino and loses puck.
8:25 of 2nd period - John Marino is hit by Nick Jensen and loses puck.
8:47 of 2nd period - Rickard Rakell is hit by Jacob Middleton and loses puck.
9:08 of 2nd period - Shot by Brock Knuckledunker.
9:08 of 2nd period - Stopped by Joonas Korpisalo with a rebound.
9:15 of 2nd period - Icing by Nazem Kadri.
9:16 of 2nd period - Jeff Carter wins face-off versus Nick Suzuki in Bunnies zone.
10:07 of 2nd period - Shot by Robert Thomas.
10:07 of 2nd period - Stopped by Joonas Korpisalo with a rebound.
10:39 of 2nd period - Off-side.
10:40 of 2nd period - Nicolas Roy wins face-off versus Brayden Schenn in neutral zone.
12:23 of 2nd period - Off-side.
12:24 of 2nd period - Robert Thomas wins face-off versus Rickard Rakell in neutral zone.
12:33 of 2nd period - Shot by Lawson Crouse.
12:33 of 2nd period - Stopped by Joonas Korpisalo without a rebound.
12:34 of 2nd period - Jamie Benn wins face-off versus Nicolas Roy in Bunnies zone.
13:11 of 2nd period - Ilya Mikheyev is hit by Jamie Benn and loses puck.
13:25 of 2nd period - Minor Penalty to Brenden Dillon for Cross-checking.
13:26 of 2nd period - Robert Thomas wins face-off versus Nick Suzuki in Bunnies zone.
13:27 of 2nd period - Shot by Lucas Raymond.
13:27 of 2nd period - Shot Misses the Net.
13:38 of 2nd period - Icing by Lucas Raymond.
13:39 of 2nd period - Nick Suzuki wins face-off versus Robert Thomas in Warheads zone.
14:14 of 2nd period - Shot by Cam Fowler.
14:14 of 2nd period - Shot Blocked by Jeff Petry.
14:16 of 2nd period - Shot by John Marino.
14:16 of 2nd period - Stopped by Joonas Korpisalo without a rebound.
14:17 of 2nd period - Robert Thomas wins face-off versus Nipples Tenderloin in Bunnies zone.
14:22 of 2nd period - Shot by Mitchell Marner.
14:22 of 2nd period - Stopped by Joonas Korpisalo with a rebound.
14:24 of 2nd period - Shot by Jack McBain.
14:24 of 2nd period - Shot Misses the Net.
14:26 of 2nd period - Shot by Jeremy Lauzon.
14:26 of 2nd period - Shot Blocked by Radko Gudas.
14:28 of 2nd period - Shot by Jeremy Lauzon.
14:28 of 2nd period - Shot Misses the Net.
14:30 of 2nd period - Shot by Jeremy Lauzon.
14:30 of 2nd period - Stopped by Joonas Korpisalo without a rebound.
14:31 of 2nd period - Robert Thomas wins face-off versus Nipples Tenderloin in Bunnies zone.
14:32 of 2nd period - Shot by Mitchell Marner.
14:32 of 2nd period - Shot Misses the Net.
14:54 of 2nd period - Shot by Jack McBain.
14:54 of 2nd period - Stopped by Joonas Korpisalo without a rebound.
14:55 of 2nd period - Nick Suzuki wins face-off versus Mitchell Marner in Bunnies zone.
15:59 of 2nd period - Ilya Mikheyev is hit by Filip Hronek and loses puck.
16:33 of 2nd period - Shot by Johnny Gaudreau.
16:33 of 2nd period - Shot Misses the Net.
16:35 of 2nd period - Shot by Tyler Seguin.
16:35 of 2nd period - Shot Misses the Net.
17:13 of 2nd period - Shot by Nick Suzuki.
17:13 of 2nd period - Stopped by Logan Thompson without a rebound.
17:14 of 2nd period - Jamie Benn wins face-off versus Robert Thomas in Warheads zone.
17:29 of 2nd period - Shot by Nazem Kadri.
17:29 of 2nd period - Shot Misses the Net.
17:35 of 2nd period - Shot by Jamie Benn.
17:35 of 2nd period - Stopped by Logan Thompson without a rebound.
17:36 of 2nd period - Jeff Carter wins face-off versus Brayden Schenn in Warheads zone.
17:45 of 2nd period - Shot by Mitchell Marner.
17:45 of 2nd period - Stopped by Joonas Korpisalo with a rebound.
17:47 of 2nd period - Shot by Jacob Middleton.
17:47 of 2nd period - Shot Misses the Net.
17:55 of 2nd period - Shot by Jeff Carter.
17:55 of 2nd period - Shot Misses the Net.
17:57 of 2nd period - Shot by Jacob Middleton.
17:57 of 2nd period - Stopped by Joonas Korpisalo without a rebound.
17:58 of 2nd period - Nick Suzuki wins face-off versus Robert Thomas in Bunnies zone.
18:15 of 2nd period - Radko Gudas is hit by Lawson Crouse and loses puck.
18:20 of 2nd period - Shot by Robert Thomas.
18:20 of 2nd period - Shot Misses the Net.
18:24 of 2nd period - Shot by Robert Thomas.
18:24 of 2nd period - Stopped by Joonas Korpisalo with a rebound.
18:26 of 2nd period - Shot by Lucas Raymond.
18:26 of 2nd period - Stopped by Joonas Korpisalo without a rebound.
18:27 of 2nd period - Jamie Benn wins face-off versus Nicolas Roy in Bunnies zone.
18:51 of 2nd period - Shot by Matt Duchene.
18:51 of 2nd period - Shot Misses the Net.
18:53 of 2nd period - Shot by Jamie Benn.
18:53 of 2nd period - The goal is going for a video replay.
18:53 of 2nd period - The goal is refused.
18:54 of 2nd period - Johnny Gaudreau wins face-off versus Radek Faksa in Warheads zone.
19:13 of 2nd period - Nick Jensen is hit by Jack McBain and loses puck.
19:33 of 2nd period - Off-side.
19:34 of 2nd period - Robert Thomas wins face-off versus Nick Suzuki in neutral zone.
19:42 of 2nd period - Lucas Raymond is hit by Nipples Tenderloin and loses puck.
19:54 of 2nd period - Icing by David Savard.
19:55 of 2nd period - Nick Suzuki wins face-off versus Nicolas Roy in Bunnies zone.
Goals for this period are 0 for Bunnies vs 0 for Warheads.
Shots for this period are 4 for Bunnies vs 13 for Warheads.

3rd period


0:01 of 3rd period - Nick Suzuki wins face-off versus Radek Faksa in neutral zone.
0:04 of 3rd period - Jacob Middleton is hit by Nick Suzuki and loses puck.
0:43 of 3rd period - Icing by Mitchell Marner.
0:44 of 3rd period - Brayden Schenn wins face-off versus Radek Faksa in Warheads zone.
0:45 of 3rd period - Shot by Johnny Gaudreau.
0:45 of 3rd period - Shot Misses the Net.
0:47 of 3rd period - Shot by Radko Gudas.
0:47 of 3rd period - Stopped by Logan Thompson with a rebound.
0:49 of 3rd period - Shot by Brenden Dillon.
0:49 of 3rd period - Stopped by Logan Thompson with a rebound.
0:51 of 3rd period - Shot by Vladimir Tarasenko.
0:51 of 3rd period - Shot Misses the Net.
0:53 of 3rd period - Shot by Radko Gudas.
0:53 of 3rd period - Shot Misses the Net.
1:01 of 3rd period - Shot by Johnny Gaudreau.
1:01 of 3rd period - Shot Blocked by Jeremy Lauzon.
1:04 of 3rd period - Minor Penalty to Jeremy Lauzon for Hooking.
1:05 of 3rd period - Robert Thomas wins face-off versus Jamie Benn in Warheads zone.
2:59 of 3rd period - Shot by Johnny Gaudreau.
2:59 of 3rd period - Shot Misses the Net.
4:44 of 3rd period - Brock Knuckledunker is hit by Radko Gudas and loses puck.
4:57 of 3rd period - Shot by Brock Knuckledunker.
4:57 of 3rd period - Shot Misses the Net.
4:59 of 3rd period - Shot by Jacob Middleton.
4:59 of 3rd period - Stopped by Joonas Korpisalo with a rebound.
5:01 of 3rd period - Shot by Brock Knuckledunker.
5:01 of 3rd period - Shot Misses the Net.
5:27 of 3rd period - Shot by Matt Duchene.
5:27 of 3rd period - Stopped by Logan Thompson with a rebound.
5:33 of 3rd period - Shot by John Marino.
5:33 of 3rd period - Shot Misses the Net.
6:12 of 3rd period - Icing by Cam Fowler.
6:13 of 3rd period - Jeff Carter wins face-off versus Brayden Schenn in Warheads zone.
6:56 of 3rd period - Ilya Mikheyev is hit by Nipples Tenderloin and loses puck.
7:26 of 3rd period - Icing by Jeremy Lauzon.
7:27 of 3rd period - Jamie Benn wins face-off versus Lawson Crouse in Warheads zone.
7:27 of 3rd period - Jamie Benn is hit by Jeremy Lauzon.
7:31 of 3rd period - Shot by Matt Duchene.
7:31 of 3rd period - Stopped by Logan Thompson with a rebound.
7:47 of 3rd period - Icing by Radko Gudas.
7:48 of 3rd period - Radek Faksa wins face-off versus Nazem Kadri in Bunnies zone.
8:07 of 3rd period - Shot by Mitchell Marner.
8:07 of 3rd period - Shot Misses the Net.
8:33 of 3rd period - Cam Fowler is hit by Radko Gudas and loses puck.
8:41 of 3rd period - Icing by Radko Gudas.
8:42 of 3rd period - Jamie Benn wins face-off versus Robert Thomas in Bunnies zone.
8:42 of 3rd period - Jamie Benn is hit by Lawson Crouse.
8:51 of 3rd period - Lucas Raymond is hit by Radko Gudas and loses puck.
8:59 of 3rd period - Jamie Benn is hit by Jeremy Lauzon and loses puck.
9:25 of 3rd period - Rickard Rakell is hit by Jeremy Lauzon and loses puck.
10:00 of 3rd period - Icing by Robert Thomas.
10:01 of 3rd period - Brayden Schenn wins face-off versus Robert Thomas in Warheads zone.
10:06 of 3rd period - Shot by Vladimir Tarasenko.
10:06 of 3rd period - Shot Misses the Net.
10:08 of 3rd period - Shot by Brayden Schenn.
10:08 of 3rd period - Stopped by Logan Thompson with a rebound.
10:10 of 3rd period - Shot by Nick Jensen.
10:10 of 3rd period - Stopped by Logan Thompson without a rebound.
10:11 of 3rd period - Radek Faksa wins face-off versus Brayden Schenn in Warheads zone.
10:11 of 3rd period - Radek Faksa is hit by Brayden Schenn.
10:21 of 3rd period - Shot by Cam Fowler.
10:21 of 3rd period - Deflect By Mitchell Marner.
10:21 of 3rd period - Shot Misses the Net.
10:47 of 3rd period - Shot by Vladimir Tarasenko.
10:47 of 3rd period - Stopped by Logan Thompson without a rebound.
10:48 of 3rd period - Nick Suzuki wins face-off versus Nicolas Roy in Warheads zone.
11:05 of 3rd period - Shot by Jeff Petry.
11:05 of 3rd period - Deflect By Rickard Rakell.
11:05 of 3rd period - Shot Misses the Net.
11:07 of 3rd period - Shot by Jeff Petry.
11:07 of 3rd period - Goal by Jeff Petry - Bunnies : 2 - Warheads : 1.
11:08 of 3rd period - Jeff Carter wins face-off versus Jamie Benn in neutral zone.
11:27 of 3rd period - Shot by Mitchell Marner.
11:27 of 3rd period - Shot Misses the Net.
12:06 of 3rd period - Ilya Mikheyev is hit by Jeff Petry and loses puck.
12:23 of 3rd period - Shot by Ilya Mikheyev.
12:23 of 3rd period - Stopped by Joonas Korpisalo with a rebound.
12:25 of 3rd period - Shot by Timothy Liljegren.
12:25 of 3rd period - Stopped by Joonas Korpisalo without a rebound.
12:26 of 3rd period - Robert Thomas wins face-off versus Tyler Seguin in Bunnies zone.
12:34 of 3rd period - Shot by Lucas Raymond.
12:34 of 3rd period - Stopped by Joonas Korpisalo without a rebound.
12:35 of 3rd period - Lucas Raymond wins face-off versus Rickard Rakell in Bunnies zone.
12:36 of 3rd period - Shot by Lawson Crouse.
12:36 of 3rd period - Stopped by Joonas Korpisalo with a rebound.
12:38 of 3rd period - Shot by Robert Thomas.
12:38 of 3rd period - Shot Hit the Post.
13:50 of 3rd period - Shot by Jack McBain.
13:50 of 3rd period - Shot Misses the Net.
14:25 of 3rd period - Shot by Nicolas Roy.
14:25 of 3rd period - Stopped by Joonas Korpisalo without a rebound.
14:26 of 3rd period - Robert Thomas wins face-off versus Vladimir Tarasenko in Bunnies zone.
14:35 of 3rd period - Shot by Robert Thomas.
14:35 of 3rd period - Shot Misses the Net.
14:37 of 3rd period - Shot by Jacob Middleton.
14:37 of 3rd period - Shot Misses the Net.
15:16 of 3rd period - Brock Knuckledunker is hit by Brenden Dillon and loses puck.
15:20 of 3rd period - Minor Penalty to Radko Gudas for Holding.
15:21 of 3rd period - Robert Thomas wins face-off versus Nipples Tenderloin in Bunnies zone.
15:48 of 3rd period - Shot by Robert Thomas.
15:48 of 3rd period - Deflect By Mitchell Marner.
15:48 of 3rd period - Shot Misses the Net.
16:12 of 3rd period - Shot by Lucas Raymond.
16:12 of 3rd period - Stopped by Joonas Korpisalo without a rebound.
16:13 of 3rd period - Nick Suzuki wins face-off versus Mitchell Marner in Bunnies zone.
17:28 of 3rd period - Off-side.
17:29 of 3rd period - Nicolas Roy wins face-off versus Jamie Benn in neutral zone.
18:02 of 3rd period - Shot by Nazem Kadri.
18:02 of 3rd period - Shot Misses the Net.
18:22 of 3rd period - Brock Knuckledunker is hit by Nipples Tenderloin and loses puck.
18:48 of 3rd period - Minor Penalty to Jeremy Lauzon for Hooking.
18:49 of 3rd period - Jamie Benn wins face-off versus Mitchell Marner in Warheads zone.
18:56 of 3rd period - Shot by Matt Duchene.
18:56 of 3rd period - Stopped by Logan Thompson with a rebound.
19:36 of 3rd period - Shot by Nipples Tenderloin.
19:36 of 3rd period - Shot Misses the Net.
19:38 of 3rd period - Shot by Nipples Tenderloin.
19:38 of 3rd period - Shot Misses the Net.
19:40 of 3rd period - Shot by Erik Karlsson.
19:40 of 3rd period - Shot Misses the Net.
19:54 of 3rd period - Shot by Nipples Tenderloin.
19:54 of 3rd period - Shot Misses the Net.
19:56 of 3rd period - Shot by David Savard.
19:56 of 3rd period - Goal by David Savard - Bunnies : 3 - Warheads : 1.
19:57 of 3rd period - Brayden Schenn wins face-off versus Robert Thomas in neutral zone.
Goals for this period are 2 for Bunnies vs 0 for Warheads.
Shots for this period are 10 for Bunnies vs 7 for Warheads.